 Dungeon Crawl Stone Soup version 0.18.1-5-g4a78601 (webtiles) character file.

477 dracos369 the Conjurer (level 7, -2/35 HPs)
             Began as a Vine Stalker Conjurer on May 13, 2016.
             Was a Follower of Okawaru.
             Slain by a gnoll
             ... wielding a +0 halberd
              (5 damage)
             ... on level 4 of the Dungeon.
             The game lasted 00:12:50 (3395 turns).

dracos369 the Conjurer (Vine Stalker Conjurer)      Turns: 3395, Time: 00:12:50

Health: -2/35      AC:  1    Str: 10    XL:     7   Next: 11%
Magic:  0/13       EV:  7    Int: 15    God:    Okawaru [*.....]
Gold:   234        SH:  0    Dex: 17    Spells: 3 memorised, 6 levels left

rFire  . . .     SeeInvis .     r - +1 short sword (drain)
rCold  . . .     Gourm    .     a - +0 robe
rNeg   . . .     Faith    .     (no shield)
rPois  .         Spirit   +     t - +1 helmet
rElec  .         Dismiss  .     (no cloak)
rCorr  .         Reflect  .     (no gloves)
SustAt .         Harm     .     (no boots)
MR     .....                    (no amulet)
Stlth  +.........               (no ring)
                                n - -3 ring of protection (curse)

@: held, glowing, not resistant to hostile enchantments, very unstealthy
A: fangs 2, regeneration 2, magic shield, antimagic bite, no device heal 3, rot
immunity
a: Heroism, Renounce Religion


You were on level 4 of the Dungeon.
You worshipped Okawaru.
Okawaru was aware of your devotion.
You were not hungry.

You visited 1 branch of the dungeon, and saw 4 of its levels.
You also visited: Sewer.

You collected 234 gold pieces.

Inventory:

Hand Weapons
 r - a +1 short sword of draining (weapon)
Missiles
 u - a throwing net (quivered)
Armour
 a - a +0 robe (worn)
 o - a +0 buckler
 q - a +0 shield
 t - a +1 helmet (worn)
Jewellery
 n - a cursed -3 ring of protection (left hand)
Scrolls
 i - 3 scrolls of teleportation
 j - 2 scrolls of remove curse
 k - a scroll of blinking
 m - a scroll of enchant armour {unknown}
Potions
 e - a potion of magic
 f - a potion of might {unknown}
 h - a potion of agility {unknown}
 l - 2 potions of curing
 s - a potion of lignification {unknown}
 v - a potion of brilliance {unknown}
 w - a potion of berserk rage {unknown}
Books
 b - a book of Conjurations

   Spells                             Type                      Level
   a - Magic Dart                     Conjuration                  1
   b - Searing Ray                    Conjuration                  2
   c - Dazzling Spray                 Conjuration/Hexes            3
   d - Fulminant Prism                Conjuration/Hexes            4
   e - Iskenderun's Mystic Blast      Conjuration                  4
   f - Iskenderun's Battlesphere      Conjuration/Charms           5
Comestibles
 c - 4 bread rations
 d - 5 chunks of flesh
 g - 3 fruits
 p - 2 slices of pizza


   Skills:
 + Level 2.0 Fighting
 * Level 2.0 Short Blades
 + Level 2.6 Dodging
 + Level 4.4 Stealth
 + Level 1.9 Shields
 + Level 3.4 Spellcasting
 + Level 4.5 Conjurations
 - Level 1.0 Hexes
 + Level 1.2 Invocations


You had 6 spell levels left.
You knew the following spells:

 Your Spells              Type           Power        Failure   Level  Hunger
a - Magic Dart            Conj           ###.         3%          1    None
r - Searing Ray           Conj           ###...       6%          2    ##.....
z - Dazzling Spray        Conj/Hex       ##......     21%         3    ###....


Dungeon Overview and Level Annotations

Branches:
Dungeon (4/15)
 Temple: D:4-7

Altars:
Ashenzari
Elyvilon
Okawaru


Innate Abilities, Weirdness & Mutations

You have extremely sharp teeth.
You heal very quickly.
When hurt, damage is shared between your health and your magic reserves.
Your bite disrupts and absorbs the magic of your enemies.
Potions and wands cannot restore your health.
You are immune to rotting.


Message History

The gnoll hits you from afar with a halberd.
The gnoll hits you with an enchanted whip.
You try to slip out of the net.
The gnoll hits you from afar with a halberd!
The gnoll hits you but does no damage.
You try to slip out of the net.
The gnoll hits you with an enchanted whip.
* * * LOW HITPOINT WARNING * * *
The gnoll hits you from afar with a halberd!
* * * LOW HITPOINT WARNING * * *
The gnoll hits you but does no damage.
Unknown command.
Drink which item? (? for menu, Esc to quit)
Okay, then.
Drink which item? (? for menu, Esc to quit)
Magic courses through your body.
The gnoll hits you with an enchanted whip.
* * * LOW HITPOINT WARNING * * *
The gnoll hits you from afar with a halberd!
You die...

................>#
..#........#####.###
#)########.........#
...........#####.#.#
#.#.####...# #.#.#
#.#..[<#...# #.#g###
#.######)..# #.#...
#รท........(#
#.#..####
.....####..#
#@#g.<..#. .....#
... #.#g#.......
.....+ #..gg..g#
.....#
#....g.........
.....#
#.####.#####.##
.....# # #.. .....#
.(. .....# .#..
###### .#..#


You could see 4 gnolls.

Vanquished Creatures
  An ogre (D:4)
  2 hounds (D:4)
  2 gnoll shamans (D:4)
  An iguana (D:4)
  5 gnolls
  11 adders
  3 worms
  4 dart slugs
  4 giant geckos
  6 ball pythons
  5 giant cockroaches
  8 goblins
  3 hobgoblins
  6 jackals (Sewer)
  13 kobolds
  2 quokkas
  8 bats
  4 giant newts
  8 rats
96 creatures vanquished.

Notes
Turn   | Place    | Note
--------------------------------------------------------------
     0 | D:1      | dracos369 the Vine Stalker Conjurer began the quest for the Orb.
     0 | D:1      | Reached XP level 1. HP: 9/9 MP: 4/4
   184 | D:1      | Reached XP level 2. HP: 14/14 MP: 6/6
   909 | D:1      | Reached XP level 3. HP: 17/17 MP: 1/8
   920 | D:1      | Learned a level 2 spell: Searing Ray
   924 | D:1      | Learned a level 3 spell: Dazzling Spray
  1025 | D:2      | Reached skill level 1 in Fighting
  1077 | D:2      | Reached XP level 4. HP: 22/22 MP: 9/9
  1629 | D:3      | Found an iron altar of Okawaru.
  1629 | D:3      | Found a white marble altar of Elyvilon.
  1635 | D:3      | Became a worshipper of Warmaster Okawaru
  1665 | D:3      | Found a glowing drain.
  1686 | D:3      | Reached XP level 5. HP: 24/25 MP: 10/10
  1703 | Sewer    | Entered a sewer
  1718 | Sewer    | Reached skill level 1 in Shields
  1867 | Sewer    | Reached skill level 1 in Hexes
  2904 | D:3      | Found a shattered altar of Ashenzari.
  2908 | D:3      | Reached skill level 1 in Short Blades
  3053 | D:4      | Noticed an ogre
  3065 | D:4      | Killed an ogre
  3065 | D:4      | Gained mutation: You heal very quickly. [Vine Stalker growth]
  3065 | D:4      | Reached XP level 6. HP: 29/30 MP: 10/12
  3089 | D:4      | Reached * piety under Okawaru
  3388 | D:4      | Reached skill level 1 in Invocations
  3388 | D:4      | Reached XP level 7. HP: 33/35 MP: 13/13
  3395 | D:4      | Slain by a gnoll

Skill      XL: |  1  2  3  4  5  6 |
---------------+-------------------+-----
Dodging        | 2 |  2.6
Fighting       | 1 2 |  2.0
Stealth        | 3 4 |  4.4
Spellcasting   | 3 |  3.4
Shields        | 1 |  1.9
Hexes          | 1 |  1.0
Short Blades   | 1 2 |  2.0
Invocations    | 1 |  1.2
Conjurations   | |  4.5

Action                   |  1- 3 |  4- 6 |  7- 9 || total
-------------------------+-------+-------+-------++-------
Melee: Unarmed           |    15 |       |       ||    15
       Short sword       |    65 |   226 |     4 ||   295
       Bite              |    20 |    51 |     2 ||    73
 Cast: Magic Dart        |     8 |       |       ||     8
       Dazzling Spray    |       |     1 |       ||     1
  Use: Scroll            |       |     8 |       ||     8
       Potion            |       |     2 |     1 ||     3
 Stab: Sleeping          |     3 |     9 |       ||    12
       Distracted        |       |     1 |       ||     1
       Invisible         |       |     1 |       ||     1
  Eat: Chunk             |     1 |     8 |       ||     9
Armor: Robe              |    16 |    44 |       ||    60
Dodge: Dodged            |    48 |   173 |     2 ||   223
